 Dungeon Crawl Stone Soup version 0.26-a0-966-gd078a86f14 (webtiles) character file.

Game seed: 8007210790036164022

60 Alado the Skirmisher (level 3, -4/30 HPs)
             Began as a Demonspawn Abyssal Knight on Dec 3, 2020.
             Was a Follower of Lugonu.
             Slain by an ice beast (11 damage)
             ... on level 2 of the Dungeon.
             The game lasted 00:08:35 (1943 turns).

Alado the Skirmisher (Demonspawn Abyssal Knight)    Turns: 1943, Time: 00:08:39

Health: -4/30      AC:  6    Str: 13    XL:     3   Next: 82%
Magic:  5/5        EV: 11    Int: 13    God:    Lugonu [*.....]
Gold:   25         SH:  0    Dex: 12    Spells: 2/2 levels left

rFire    . . .     SeeInvis .   a - +1 falchion
rCold    . . .     Faith    .   (no shield)
rNeg     . . .     Spirit   .   b - +3 leather armour
rPois    .         Reflect  .   (helmet restricted)
rElec    .         Harm     .   (no cloak)
rCorr    .         Rampage  .   (no gloves)
MR       .....                  (no boots)
Stlth    +.........             (no amulet)
HPRegen  0.10/turn              (no ring)
MPRegen  0.09/turn              (no ring)

@: no status effects
A: antennae 1, powered by pain 1
a: Depart the Abyss, Renounce Religion


You were on level 2 of the Dungeon.
You worshipped Lugonu.
Lugonu was aware of your devotion.
You visited 1 branch of the dungeon, and saw 2 of its levels.
You visited the Abyss 1 time.

You collected 25 gold pieces.

Inventory:

Hand Weapons
 a - a +1 falchion (weapon)
Armour
 b - a +3 leather armour (worn)
Scrolls
 c - a scroll of enchant armour
 d - a scroll of teleportation
 e - a scroll of identify


   Skills:
 + Level 3.7 Fighting
 + Level 2.6 Long Blades
 + Level 1.9 Armour
 + Level 1.2 Dodging
 + Level 0.4 Stealth
 + Level 2.9 Invocations


You had 2 spell levels left.
You didn't know any spells.
Your spell library was empty.

Dungeon Overview and Level Annotations

Branches:
Dungeon (2/15)

Altars:


Innate Abilities, Weirdness & Mutations

You have a pair of small antennae on your head.
You sometimes gain a little power by taking damage.


Message History

The ice beast barely misses you.
You hit the ice beast.
The ice beast is severely wounded.
The ice beast hits you but does no damage.
You hit the ice beast.
The ice beast is severely wounded.
The ice beast misses you.
You hit the ice beast.
The ice beast is almost dead.
The ice beast hits you but does no damage.
You barely miss the ice beast.
The ice beast is almost dead.
The ice beast closely misses you.
You hit the ice beast.
The ice beast is almost dead.
The ice beast hits you but does no damage.
The ice beast hits you.
* * * LOW HITPOINT WARNING * * *
The ice beast freezes you!
You die...

*,* #.......##.#.# #.# *,*
#.......##.#.# #.# *,*
#.......##.#.# #.# *,*
##########.#.# #.#
*,******######* #.#.# #..
*,,,,,,,,.....#######.#.#
###
*,,,,,,,,,,.....<.....#.#
*,*****######.###.......#
***,,,,,,......Y@.'?......#
,,,,,****######.###......##
,,,,,,,,,,,,,,#.* #......#
,,,,,*****,,*,#.* #......#
,,,,,*,,,,,,*,#.* #......#
,,,,,*,**,,,*,#.* #......#
,,,,,<,,,,,,*,#.* #......#
*,,,,,,***,,*,#.* ########
*,,,,,,,,,,,*,*,*


You could see an ice beast.

Vanquished Creatures
  An adder (D:2)
  2 oozes
  A worm (D:2)
  A dart slug (D:1)
  2 leopard geckos (D:1)
  2 giant cockroaches
  2 hobgoblins (D:1)
  7 kobolds
  A quokka (D:2)
  8 bats (D:1)
  2 frilled lizards (D:2)
  5 goblins
  4 rats
38 creatures vanquished.

Vanquished Creatures (others)
  4 toadstools (D:1)
4 creatures vanquished.

Grand Total: 42 creatures vanquished

Notes
Turn   | Place    | Note
-------+----------+-------------------------------------------
     0 | Abyss:1  | Alado the Demonspawn Abyssal Knight began the quest for the
                  | Orb.
     0 | Abyss:1  | Reached XP level 1. HP: 18/18 MP: 2/2
     0 | D:1      | Escaped the Abyss
   253 | D:1      | Reached * piety under Lugonu
   268 | D:1      | Gained mutation: You sometimes gain a little power by
                  | taking damage. [demonic ancestry]
   268 | D:1      | Reached XP level 2. HP: 14/24 MP: 4/4
  1030 | D:1      | Gained mutation: You have a pair of small antennae on your
                  | head. [demonic ancestry]
  1030 | D:1      | Reached XP level 3. HP: 29/29 MP: 5/5
  1141 | D:1      | Reached skill level 1 in Dodging
  1574 | D:2      | HP: 1/30 [poisoned by an adder]
  1931 | D:2      | Noticed an ice beast
  1943 | D:2      | Slain by an ice beast

Illustrated notes

Levels and vault maps discovered:
D:1:      ldierk_walled_garden_2, layout_basic
D:2:      layout_basic, ashenzari_altar_1

Skill      XL: |  1  2  3 |
---------------+----------+-----
Long Blades    | 2 |  2.6
Dodging        | 1 |  1.2
Fighting       | |  3.7
Armour         | |  1.9
Stealth        | |  0.4
Invocations    | |  2.9

Action                   || total
-------------------------++-------
Melee: Falchion          ||   125
Invok: Depart the Abyss  ||     1
  Use: Scroll            ||     9
       Potion            ||     3
 Stab: Sleeping          ||     1
Armor: Leather armour    ||    58
Dodge: Dodged            ||    92
       Rpst.: Falchion   ||    30

Table legend: (Time is in decaauts)
 A = Elapsed time spent in this place.
 B = Non-inter-level travel time spent in this place.
 C = Inter-level travel time spent in this place.
 D = Time resting spent in this place.
 E = Time spent auto-exploring this place.
 F = Levels seen in this place.
 G = Mean time per level.
                   A        B        C        D        E       F      G
               +--------+--------+--------+--------+--------+-----+--------+
         Total |   1977 |   1963 |     14 |    372 |   1261 |   3 |  659.0 |
       Dungeon |   1977 |   1963 |     14 |    372 |   1261 |   2 |  988.5 |
         Abyss |      0 |      0 |      0 |      0 |      0 |   1 |    0.0 |
               +--------+--------+--------+--------+--------+-----+--------+

Top non-repeatable levels by time:
     D:1: 1218 daAuts
     D:2: 758 daAuts
